 Dungeon Crawl Stone Soup version 0.31.0-9-g3a7656b989 (webtiles) character file.

Game seed: 730667305683441529

1 Killerpretzel the Scratcher (level 1, 10/10 HPs)
             Began as a Felid Shapeshifter on Feb 5, 2024.
             Quit the game on level 1 of the Dungeon.
             The game lasted 00:00:26 (29 turns).

Killerpretzel the Scratcher (Felid Shapeshifter)      Turns: 29, Time: 00:00:27

Health: 10/10      AC:  1    Str: 10    XL:     1   Next: 16%
Magic:  2/2        EV: 17    Int: 13    God:
Gold:   14         SH:  0    Dex: 15    Spells: 0/0 levels left
                                        Lives:  0   Deaths: 1

rFire   . .          .
                       - Unarmed
rCold   . . .        (shield unavailable)
rNeg    . . .        (body armour unavailable)
rPois   .            (helmet unavailable)
rElec   .            (cloak unavailable)
rCorr   .            (gloves unavailable)
SInv    +            (boots unavailable)
Will    .....        (no amulet)
Stlth   +            (no ring)
HPRegen 0.21/turn    (no ring)
MPRegen 0.08/turn

%: no passive effects
@: beast-form
A: beast (slay +1), very small, claws 1, fangs 3, see invisible, shaggy fur 1,
stealthy paws, no weapons or thrown items, no armour, multi-lived
a: Begin Untransformation


You were on level 1 of the Dungeon.
You were a hulking beast.
You visited 1 branch of the dungeon, and saw 1 of its levels.

You collected 14 gold pieces.

Inventory:

Talismans
 b - a beast talisman
 c - a flux talisman
Potions
 a - a potion of lignification


   Skills:
 + Level 1.0 Fighting
 + Level 2.7 Dodging
 + Level 3.0 Unarmed Combat
 * Level 2.7 Shapeshifting


You couldn't memorise any spells.
You didn't know any spells.
Your spell library was empty.

Dungeon Overview and Level Annotations

Branches:
Dungeon (1/15)

Altars:


Innate Abilities, Weirdness & Mutations

You are a hulking beast.
Your limbs bulge with bestial killing power. (Slay +1)
You have sharp claws.
You have razor-sharp teeth.
You have supernaturally acute eyesight. (SInv)
You are covered in fur. (AC +1)
Your paws help you pounce on unaware monsters.
You are incapable of wielding weapons or throwing items.
You cannot wear armour.
You gain extra lives every three experience levels.


Message History

No target in view!
You open the door.
There is an open door here.
You now have 14 gold pieces.
A ball python comes into view.
You see here an amethyst potion.
The ball python hisses angrily.
You hear an angry hiss.
A frilled lizard comes into view.
There are monsters nearby!
You barely miss the ball python. The ball python misses you.
The ball python grabs you. The ball python constricts you.
There are monsters nearby!
You scratch the ball python.
The ball python is severely wounded.
The ball python closely misses you. The ball python constricts you.
The ball python misses you. The ball python constricts you.
There are monsters nearby!
You closely miss the ball python. You bite the ball python.
You kill the ball python!
A quokka comes into view.
There are monsters nearby!
A hobgoblin comes into view.
The frilled lizard bites you.
A giant cockroach comes into view.
There are monsters nearby!
You closely miss the frilled lizard. The frilled lizard bites you.
There are monsters nearby!
You are too injured to fight recklessly!
There are monsters nearby!
The frilled lizard unfolds its giant frill.
The quokka completely misses you. The quokka attacks as it pursues you!
The quokka bites you.
Ouch! That really hurt!
You die...
Your shape twists and changes as you die.
You rejoin the land of the living...
You swing at nothing.
Are you sure you want to abandon this character and quit the game? (Confirm with "yes".)
Okay, then.
Are you sure you want to abandon this character and quit the game? (Confirm with "yes".)

#+# ## ..# #.. . ...#
#.# #. #.#.# ##.## ##
#. #.##.# #...##...
.# #. #.#
#.###......# .g
#.##.####.##.......#B
#..<......'..##.##.
###.####h.#...#.#.
#.###.#.##...#[#
##.#.##.#...##.#.#
##.###.###!l....#
#.#.##.# ##r..#.....
#.# #.#.# .....>..##.
#. #..#..#..###.# .
..+..#..# .. ## .###
.#.# ..


There were no monsters in sight!

Vanquished Creatures
  A ball python (D:1)
1 creature vanquished.

Notes
Turn   | Place    | Note
-------+----------+-------------------------------------------
     0 | D:1      | Killerpretzel the Felid Shapeshifter began the quest for
                  | the Orb.
     0 | D:1      | Reached XP level 1. HP: 10/10 MP: 2/2
    27 | D:1      | Slain by a quokka
    27 | D:1      | Lost a life (0 lives remaining)
    29 | D:1      | Quit the game

Illustrated notes

Levels and vault maps discovered:
D:1:      roderic_octagonal_star, layout_loops_ring, minmay_tromino_v7

Action                     || total
---------------------------++-------
  Melee: Unarmed           ||     4
         Bite              ||     1
 Armour: Skin              ||     3
  Dodge: Dodged            ||     4
